 Dungeon Crawl Stone Soup version 0.24.0-123-gd5b16e6ec5 (webtiles) character file.

Game seed: 8827381106723615560, levelgen mode: deterministic

292 Mesmaeker13 the Digger (level 6, -1/45 HPs)
             Began as a Draconian Earth Elementalist on Jan 30, 2020.
             Slain by Crazy Yiuf
             ... wielding a +4 quarterstaff of chaos
              (5 damage)
             ... on level 4 of the Dungeon.
             The game lasted 00:05:58 (5190 turns).

Mesmaeker13 the Digger (DrEE)                       Turns: 5190, Time: 00:05:58

Health: -1/45      AC:  7    Str: 10      XL:     6   Next: 10%
Magic:  1/10       EV: 12    Int: 18      God:
Gold:   206        SH:  3    Dex:  9 (11) Spells: 7/11 levels left

rFire    + . .     SeeInvis .   j - +0 spear
rCold    . . .     Gourm    .   k - +0 buckler
rNeg     . . .     Faith    .   (armour unavailable)
rPois    .         Spirit   .   (helmet restricted)
rElec    .         Reflect  .   m - +0 cloak
rCorr    .         Harm     .   (no gloves)
MR       .....                  (no boots)
Stlth    +.........             (no amulet)
HPRegen  0.15/turn              d - ring of attention (curse)
MPRegen  0.12/turn              f - ring of protection from fire

@: very slightly contaminated
A: unfitting armour, cold-blooded, AC +6
a: no special abilities


You were on level 4 of the Dungeon.
You were not hungry.

You visited 1 branch of the dungeon, and saw 4 of its levels.

You collected 206 gold pieces.

Inventory:

Hand Weapons
 j - a +0 spear (weapon)
 r - the +10 hunting sling of Suen {freeze, rElec Dex+3, unknown}
   (You found it on level 4 of the Dungeon)

   It causes projectiles fired from it to freeze those they strike, causing
   extra injury to most foes and up to half again as much damage against
   particularly susceptible opponents.
   They can also slow down cold-blooded creatures.
   It affects your dexterity (+3).
   It insulates you from electricity.
Missiles
 b - 101 stones (quivered)
Armour
 k - a +0 buckler (worn)
 m - a +0 cloak (worn)
Jewellery
 d - a cursed ring of attention (left hand)
 f - a ring of protection from fire (right hand)
Scrolls
 h - a scroll of identify {unknown}
 i - 4 scrolls of teleportation
 p - 2 scrolls of remove curse {unknown}
 q - a scroll of magic mapping
Potions
 a - 2 potions of agility {unknown}
 e - 3 potions of curing {unknown}
 g - a potion of heal wounds {unknown}
 l - 2 potions of ambrosia {unknown}
 n - a potion of degeneration {unknown}
 o - a potion of flight {unknown}
Comestibles
 c - 15 rations
 s - 4 chunks of flesh


   Skills:
 - Level 3.5 Dodging
 - Level 1.7 Stealth
 + Level 0.4 Shields
 - Level 3.0 Spellcasting
 + Level 2.1 Conjurations
   Level 1.0 Transmutations
 + Level 4.6 Earth Magic


You had 7 spell levels left.
You knew the following spells:

 Your Spells              Type           Power        Failure   Level  Hunger
a - Sandblast             Erth           ###...       3%          1    None
b - Stone Arrow           Conj/Erth      ##....       19%         3    ###....

Your spell library contained the following spells:

 Spells                   Type           Power        Failure   Level  Hunger
 Passwall                 Tmut/Erth      ##......     12%         2    ##.....
 Petrify                  Tmut/Erth      ##......     61%         4    ####...
 Lee's Rapid Deconstruct  Erth           ###.......   71%         5    ######.


Dungeon Overview and Level Annotations

Branches:
Dungeon (4/15)
 Temple: D:4-7

Altars:
Qazlal

Shops:
D:4 [

Annotations:
D:4 Crazy Yiuf


Innate Abilities, Weirdness & Mutations

Your plain brown scales are hard. (AC +6)
You cannot fit into any form of body armour.
You are cold-blooded and may be slowed by cold attacks.


Message History

Confirm with . or Enter, or press ? or * to list all spells.
Aiming: Sandblast (safe; 3% risk of failure)
Press: ? - help, Shift-Dir - straight line, f/p - Crazy Yiuf
Aim: Crazy Yiuf, wielding a +4 quarterstaff of chaos and wearing a +0 cloak (severely wounded)
The blast of sand hits Crazy Yiuf but does no damage.
Crazy Yiuf is severely wounded.
b - 101 stones Crazy Yiuf hits you with a +4 quarterstaff of chaos!
* * * LOW HITPOINT WARNING * * *
You feel your power leaking away.
Casting: Sandblast (safe; 3% risk of failure)
Confirm with . or Enter, or press ? or * to list all spells.
You don't have enough magic to cast that spell.
Casting: Sandblast (safe; 3% risk of failure)
Confirm with . or Enter, or press ? or * to list all spells.
You don't have enough magic to cast that spell.
Crazy Yiuf hits you with a +4 quarterstaff of chaos!
* * * LOW HITPOINT WARNING * * *
Crazy Yiuf freezes you.
You die...

##...##............
##.........#........
#...................
##..................
#######............
#...#.......#
♣♣♣♣♣##.#.#.##.>..# ###
♣♣♣g♣.....#...##..###
#...#♣..♣@PP.......##.....
#...'.♣♣♣♣P...............
#)..#♣♣ ♣♣......#..#.....
### ♣♣##.....##..###
#.#...>...###
###.#......#. ####.....).
#.....#.. #.....##.


You could see Crazy Yiuf.

Vanquished Creatures
  A quasit (D:4)
  A centaur skeleton (D:4)
  A worker ant (D:4)
  A hound skeleton (D:4)
  6 gnolls (D:4)
  3 adders
  4 oozes
  2 worms (D:4)
  3 dart slugs
  3 leopard geckos
  8 orcs (D:3)
  3 giant cockroaches
  4 goblins
  7 hobgoblins
  6 jackals
  4 bats
  5 frilled lizards
  9 kobolds
  A leopard gecko skeleton (D:4)
  8 rats
80 creatures vanquished.

Notes
Turn   | Place    | Note
-------+----------+-------------------------------------------
     0 | D:1      | Mesmaeker13 the Draconian Earth Elementalist began the
                  | quest for the Orb.
     0 | D:1      | Reached XP level 1. HP: 14/14 MP: 3/3
   571 | D:1      | Reached XP level 2. HP: 19/20 MP: 5/5
  1687 | D:2      | Reached XP level 3. HP: 26/26 MP: 6/6
  2260 | D:2      | Reached XP level 4. HP: 25/33 MP: 8/8
  2994 | D:3      | Found a stormy altar of Qazlal.
  3027 | D:3      | Reached skill level 4 in Earth Magic
  3347 | D:3      | Learned a level 3 spell: Stone Arrow
  3853 | D:4      | Reached XP level 5. HP: 38/38 MP: 6/9
  3945 | D:4      | Got a dazzling hunting sling
  3956 | D:4      | Found Riuhawow's Armour Emporium.
  4284 | D:4      | Reached skill level 1 in Conjurations
  4888 | D:4      | Reached XP level 6. HP: 45/45 MP: 6/10
  5051 | D:4      | Found a runed translucent door.
  5052 | D:4      | Noticed Crazy Yiuf
  5190 | D:4      | Slain by Crazy Yiuf

Levels and vault maps discovered:
D:1:      saegor_arrival_miasma, layout_loops_corners
D:2:      layout_rooms
D:3:      layout_basic, first_ration, nicolae_qazlal_general_emergency
D:4:      layout_cave_pools, serial_column_ruins, column_ruins_hut,
          column_ruins_hut_ruined, column_ruins_open_tiny,
          column_ruins_columns_corner, column_ruins_open_medium,
          column_ruins_corridor_straight, column_ruins_corridor_straight,
          serial_shops, shop, uniq_crazy_yiuf_cottage

Skill      XL: |  1  2  3  4  5 |
---------------+----------------+-----
Dodging        | 2 3 |  3.5
Spellcasting   | 3 |  3.0
Earth Magic    | 4 |  4.6
Conjurations   | 2 |  2.1
Stealth        | |  1.7
Shields        | |  0.4
Transmutations | |  1.0

Action                   |  1- 3 |  4- 6 || total
-------------------------+-------+-------++-------
Melee: Unarmed           |    27 |       ||    27
       Dagger            |    37 |       ||    37
       Spear             |    66 |   197 ||   263
       Tailslap          |     9 |     8 ||    17
 Cast: Sandblast         |    13 |    49 ||    62
       Stone Arrow       |       |     4 ||     4
  Use: Scroll            |     1 |     1 ||     2
  Eat: Ration            |     1 |       ||     1
       Chunk             |     1 |    10 ||    11
Armor: Skin              |    51 |   127 ||   178
Dodge: Dodged            |    92 |   214 ||   306
Block: Buckler           |       |     4 ||     4
